 Dungeon Crawl Stone Soup version 0.18.1-48-g4cf74bf (webtiles) character file.

177 thrashmonkey the Digger (level 5, -2/28 HPs)
             Began as a Gargoyle Earth Elementalist on June 25, 2016.
             Slain by a water moccasin (6 damage)
             ... on level 2 of the Dungeon.
             The game lasted 00:18:09 (4121 turns).

thrashmonkey the Digger (GrEE)                      Turns: 4121, Time: 00:18:10

Health: -2/28      AC:  6    Str: 12    XL:     5   Next: 57%
Magic:  1/11       EV: 12    Int: 16    God:
Gold:   102        SH:  0    Dex: 10    Spells: 2 memorised, 9 levels left

rFire  . . .     SeeInvis .     m - -2 whip (curse)
rCold  . . .     Gourm    .     a - +0 robe
rNeg   + . .     Faith    .     (no shield)
rPois  ∞         Spirit   .     (no helmet)
rElec  +         Dismiss  .     (no cloak)
rCorr  .         Reflect  .     (no gloves)
SustAt .         Harm     .     (no boots)
MR     .....                    (no amulet)
Stlth  ++........               (no ring)
                                (no ring)

@: not resistant to hostile enchantments, unstealthy
A: negative energy resistance 1, electricity resistance, unbreathing,
petrification resistance, rot immunity, AC +4
a: no special abilities


You were on level 2 of the Dungeon.
You were not hungry.

You visited 1 branch of the dungeon, and saw 3 of its levels.

You collected 102 gold pieces.

Inventory:

Hand Weapons
 g - a +2 mace of holy wrath
 m - a cursed -2 whip (weapon)
Missiles
 b - 15 stones (quivered)
Armour
 a - a +0 robe (worn)
Wands
 u - a wand of flame (12/48)
Scrolls
 e - 5 scrolls of identify {unknown}
 l - 3 scrolls of remove curse {unknown}
 n - a scroll of blinking {unknown}
 o - a scroll of noise {unknown}
 p - a scroll of enchant armour {unknown}
 q - 2 scrolls of amnesia {unknown}
 v - 2 scrolls of teleportation {unknown}
Potions
 i - a potion of heal wounds
 j - a potion of might {unknown}
 k - 2 potions of berserk rage {unknown}
 w - a potion of curing {unknown}
 x - a potion of haste {unknown}
 A - a potion of agility {unknown}
Books
 c - a book of Geomancy

   Spells                             Type                      Level
   a - Sandblast                      Earth                        1
   b - Passwall                       Transmutation/Earth          2
   c - Stone Arrow                    Conjuration/Earth            3
   d - Petrify                        Transmutation/Earth          4
   e - Lee's Rapid Deconstruction     Earth                        5
Comestibles
 d - 3 bread rations
 f - a royal jelly
 h - a beef jerky
 r - 10 fruits
 s - a slice of pizza
 t - 2 meat rations


   Skills:
 - Level 1.5 Dodging
 - Level 2.1 Stealth
 * Level 4.6 Spellcasting
   Level 0.7 Transmutations
 + Level 4.7 Earth Magic


You had 9 spell levels left.
You knew the following spells:

 Your Spells              Type           Power        Failure   Level  Hunger
a - Sandblast             Erth           ###...       2%          1    None
b - Stone Arrow           Conj/Erth      ##....       17%         3    ###....


Dungeon Overview and Level Annotations

Branches:
Dungeon (3/15)

Altars:
Ashenzari
Nemelex Xobeh


Innate Abilities, Weirdness & Mutations

You are resistant to torment.
Your stone body is resilient (AC +4).
You are immune to poison.
You resist negative energy.
You are resistant to electric shocks.
You can survive without breathing.
You are immune to petrification.
You are immune to rotting.


Message History

Press: ? - help, Shift-Dir - straight line, f/p - water moccasin
Aim: a water moccasin (heavily wounded)
The blast of sand hits the water moccasin.
The water moccasin is severely wounded.
The water moccasin closely misses you.
The water moccasin bites you but does no damage.
The water moccasin bites you.
* * * LOW HITPOINT WARNING * * *
You closely miss the water moccasin.
The water moccasin is severely wounded.
The water moccasin bites you.
* * * LOW HITPOINT WARNING * * *
The water moccasin bites you but does no damage.
You miss the water moccasin.
The water moccasin is severely wounded.
The water moccasin bites you but does no damage.
You closely miss the water moccasin.
The water moccasin is severely wounded.
The water moccasin bites you.
You die...

♣♣ .♣♣ .. ♣ .♣.P♣
#########################♣♣♣PP♣.
................@SS........>♣ .♣♣
##.........##############...♣♣..♣
.#.........# ##.......###..♣.PP♣
.#.........# #.....<...###♣...♣
.#.........# #......#.....♣P..♣##
.#.........# ♣♣.♣♣......##♣..P♣..
........##.♣♣♣♣.♣♣♣♣.....#..♣♣##.
.####...##.♣♣PP.PP♣♣...........#.
....###.##♣♣PP...PP♣♣.......##.#.


You could see a water moccasin and an adder.

Vanquished Creatures
  9 adders
  A worm (D:2)
  3 dart slugs
  A giant gecko (D:1)
  3 ball pythons (D:2)
  5 giant cockroaches
  12 goblins
  6 hobgoblins
  12 jackals
  11 kobolds
  2 quokkas
  8 bats
  A giant newt (D:1)
  6 rats
80 creatures vanquished.

Notes
Turn   | Place    | Note
--------------------------------------------------------------
     0 | D:1      | thrashmonkey the Gargoyle Earth Elementalist began the quest for the Orb.
     0 | D:1      | Reached XP level 1. HP: 10/10 MP: 3/3
   208 | D:1      | Reached XP level 2. HP: 13/15 MP: 0/5
  1139 | D:1      | Reached XP level 3. HP: 19/19 MP: 2/7
  1274 | D:1      | Learned a level 3 spell: Stone Arrow
  1843 | D:2      | Reached XP level 4. HP: 24/24 MP: 2/9
  2434 | D:2      | Found a shattered altar of Ashenzari.
  2963 | D:3      | Reached XP level 5. HP: 28/28 MP: 8/11
  3925 | D:3      | Found a sparkling altar of Nemelex Xobeh.
  4035 | D:3      | Noticed a water moccasin
  4121 | D:2      | Slain by a water moccasin

Skill      XL: |  1  2  3  4 |
---------------+-------------+-----
Spellcasting   | 3 4 |  4.6
Earth Magic    | 4 |  4.7
Dodging        | |  1.5
Stealth        | |  2.1
Transmutations | |  0.7

Action                   |  1- 3 |  4- 6 || total
-------------------------+-------+-------++-------
Melee: Unarmed           |       |    11 ||    11
       Whip              |       |    48 ||    48
 Cast: Sandblast         |    62 |   141 ||   203
Evoke: Wand              |       |     2 ||     2
  Use: Potion            |       |     2 ||     2
  Eat: Chunk             |     3 |     7 ||    10
Armor: Robe              |    16 |    73 ||    89
Dodge: Dodged            |    51 |   160 ||   211
